 Dungeon Crawl Stone Soup version 0.24-a0-368-g0e0cebd0f3 (webtiles) character file.

Game seed: 17740758927141169021

3705 Goblin1989 the Covert (level 10, 0/77 HPs)
             Began as a Gnoll Assassin on May 28, 2019.
             Was a Believer of Dithmenos.
             Slain by a wight
             ... wielding a cursed +2 spear
              (1 damage)
             ... on level 7 of the Dungeon.
             The game lasted 00:15:46 (8750 turns).

Goblin1989 the Covert (Gnoll Assassin)              Turns: 8750, Time: 00:15:47

Health: 0/77       AC:  2    Str: 14    XL:     10   Next: 14%
Magic:  17/17      EV: 15    Int: 14    God:    Dithmenos [**....]
Gold:   100        SH:  0    Dex: 21    Spells: 18/18 levels left

rFire    . . .     SeeInvis .   X - +7 whip "Pity" {slash, MR+}
rCold    . . .     Gourm    +   (no shield)
rNeg     . . .     Faith    .   b - +0 robe
rPois    .         Spirit   .   u - +1 helmet
rElec    .         Reflect  .   c - +0 cloak
rCorr    .         Harm     .   j - +0 pair of gloves
MR       +....                  (no boots)
Stlth    +++++.....             V - amulet of the gourmand
HPRegen  0.22/turn              y - +2 ring of dexterity
MPRegen  0.15/turn              (no ring)

@: corroded, wreathed by umbra, heavily drained
A: distributed training, fangs 1, strong nose
a: Shadow Step, Renounce Religion


You were on level 7 of the Dungeon.
You worshipped Dithmenos.
Dithmenos was pleased with you.
You were very full.

You visited 1 branch of the dungeon, and saw 7 of its levels.
You also visited: Ossuary.

You collected 295 gold pieces.
You spent 195 gold pieces at shops.

Inventory:

Hand Weapons
 a - a +2 dagger
 C - a +0 dagger of venom
 M - a +0 long sword of draining
 O - a +0 hunting sling
 Q - a +0 flail of crushing
 W - a +2 flail of venom
 X - the +7 whip "Pity" (weapon) {slash, MR+}
   (You bought it in a shop on level 4 of the Dungeon)

   It inflicts extra damage upon your enemies.
   It affects your resistance to hostile enchantments.
Missiles
 d - 22 poisoned darts
 f - 8 curare-tipped darts (quivered)
 m - 218 stones {@Q3}
 n - 94 sling bullets
 P - 52 arrows
 R - 14 bolts
 U - 8 boomerangs
Armour
 b - a +0 robe (worn)
 c - a +0 cloak (worn)
 j - a +0 pair of gloves (worn)
 u - a +1 helmet (worn)
Jewellery
 y - a +2 ring of dexterity (left hand)
 B - a cursed amulet of harm {unknown}
 D - an uncursed amulet of harm {unknown}
 V - an amulet of the gourmand (around neck)
Wands
 J - a wand of random effects (50)
Scrolls
 F - 6 scrolls of identify {unknown}
 G - a scroll of random uselessness {unknown}
 H - 3 scrolls of enchant armour
 I - a scroll of amnesia
 S - 3 scrolls of remove curse {@r3}
 T - 5 scrolls of teleportation {!r, @r2}
Potions
 h - 3 potions of curing {@q1}
 i - 3 potions of mutation {unknown}
 o - 2 potions of lignification {unknown}
 t - a potion of berserk rage {unknown}
 x - 2 potions of might {unknown}
 E - a potion of resistance {unknown}
 K - a potion of ambrosia {unknown}
 L - a potion of agility {unknown}
 Y - a potion of cancellation {unknown}
 Z - 2 potions of haste {unknown}
Comestibles
 e - 10 rations
 N - 5 chunks of flesh


   Skills:
 + Level 6.8(5.4) Fighting
 + Level 6.8(5.4) Short Blades
 + Level 4.9(3.6) Long Blades
 + Level 4.9(3.6) Axes
 + Level 4.9(3.6) Maces & Flails
 + Level 4.9(3.6) Polearms
 + Level 4.9(3.6) Staves
 + Level 4.9(3.6) Slings
 + Level 4.9(3.6) Bows
 + Level 4.9(3.6) Crossbows
 + Level 6.8(5.4) Throwing
 + Level 4.9(3.6) Armour
 + Level 5.6(4.3) Dodging
 + Level 9.3(7.8) Stealth
 + Level 4.9(3.6) Shields
 + Level 4.9(3.6) Unarmed Combat
 + Level 4.9(3.6) Spellcasting
 + Level 4.0(2.8) Conjurations
 + Level 4.0(2.8) Hexes
 + Level 4.0(2.8) Charms
 + Level 4.0(2.8) Summonings
 + Level 4.0(2.8) Necromancy
 + Level 4.0(2.8) Translocations
 + Level 4.0(2.8) Transmutations
 + Level 4.0(2.8) Fire Magic
 + Level 4.0(2.8) Ice Magic
 + Level 4.0(2.8) Air Magic
 + Level 4.0(2.8) Earth Magic
 + Level 4.0(2.8) Poison Magic
 + Level 5.4(4.1) Invocations
 + Level 4.9(3.6) Evocations


You had 18 spell levels left.
You didn't know any spells.
Your spell library was empty.

Dungeon Overview and Level Annotations

Branches:
Dungeon (7/15)             Temple (0/1) D:6

Altars:
Ashenzari
Cheibriados
Dithmenos
Elyvilon
Fedhas
Gozag
Makhleb
Nemelex Xobeh
Qazlal
Ru
Trog
Xom
Yredelemnul
The Shining One

Shops:
D:4 (

Annotations:
D:3 2 transporters


Innate Abilities, Weirdness & Mutations

Your experience applies equally to all skills.
You have very sharp teeth.
Your uncanny sense of smell can sniff out nearby items.


Message History

The jelly quivers.
You hit the wight. You bite the wight, but do no damage.
The wight is severely damaged.
The wight barely misses you.
The wight hits you with a cursed +0 mace.
You take 4 damage, and have 68/77 hp.
You hit the wight but do no damage.
The wight is severely damaged.
The wight closely misses you. The wight completely misses you.
You hit the wight.
The wight is severely damaged.
You whack the wight!
You destroy the wight!
Dithmenos accepts your kill.
The wight hits you with a +0 flail of crushing.
You feel drained.
The wight hits you with a cursed +0 mace.
You take 11 damage, and have 58/77 hp.
The wight completely misses you. The jelly closely misses you.
The wight hits you with a +0 flail of crushing.
You take 3 damage, and have 56/77 hp.
You whack the jelly!
Your hands burn!
The jelly is severely wounded.
The jelly barely misses you.
You take 5 damage, and have 52/77 hp.
You hit the jelly. The acid corrodes you!
Your hands burn!
The jelly is almost dead.
The jelly hits you. The acid corrodes you!
You are splashed with acid!
You take 13 damage, and have 39/77 hp.
You are too injured to fight recklessly!
You are too injured to fight recklessly!
You are too injured to fight recklessly!
You are too injured to fight recklessly!
You are too injured to fight recklessly!
You are too injured to fight recklessly!
You are too injured to fight recklessly!
You are too injured to fight recklessly!
You are too injured to fight recklessly!
You are too injured to fight recklessly!
You are too injured to fight recklessly!
You are too injured to fight recklessly!
You are too injured to fight recklessly!
You are too injured to fight recklessly!
You are too injured to fight recklessly!
You are too injured to fight recklessly!
You are too injured to fight recklessly!
You are too injured to fight recklessly!
You hit the jelly.
You kill the jelly!
Dithmenos accepts your kill.
You hit the wight. Your bite misses the wight.
The wight is lightly damaged.
You hit the wight.
The wight is moderately damaged.
The wight misses you. The wight barely misses you.
You hit the wight but do no damage. You bite the wight, but do no damage.
The wight is moderately damaged.
The wight misses you.
The wight hits you with a +0 flail of crushing.
You feel drained.
You take 5 damage, and have 35/77 hp.
You hit the wight. You bite the wight, but do no damage.
The wight is severely damaged.
You hit the wight but do no damage. Your bite misses the wight.
The wight is severely damaged.
The wight closely misses you. The wight barely misses you.
You barely miss the wight.
The wight is severely damaged.
The wight misses you. The wight barely misses you.
Unknown command.
You hit the wight.
The wight is almost destroyed.
The wight misses you. The wight barely misses you.
You hit the wight but do no damage. You bite the wight, but do no damage.
The wight is almost destroyed.
You closely miss the wight. Your bite misses the wight.
The wight is almost destroyed.
The wight misses you.
The wight hits you with a +0 flail of crushing!
* * * LOW HITPOINT WARNING * * *
x2 You take 15 damage, and have 21/77 hp.
You hit the wight but do no damage.
The wight is almost destroyed.
The wight closely misses you. x2
Unknown command.
You hit the wight.
You destroy the wight!
Dithmenos accepts your kill. The wight misses you.
You hit the wight but do no damage.
The wight is lightly damaged.
The wight hits you from afar with a cursed +2 spear!
* * * LOW HITPOINT WARNING * * *
The wight closely misses you.
You take 12 damage, and have 10/77 hp.
The wight hits you from afar with a cursed +2 spear!
* * * LOW HITPOINT WARNING * * *
You feel drained.
You die...

..███....██∆
█████....████████
................█
................█
................█
████.██..██.██.████████████
█.█████..██.██.██.█..█....██
.....█......█.....█........█
.....∆......█...@.∆........█
.....█......▲...z.█........█
.....█......█...z.█........█
.....█......█......█......██
.....█████████████)████████
█....██.....██.zz.██
█....██............█
█....█.....).......█
█..z..........█


You could see 2 wights.

Vanquished Creatures
  2 wraiths (Ossuary)
  A water moccasin (D:7)
  An orc warrior (D:6)
  A sky beast (D:6)
  A black bear (D:7)
  2 necrophages
  5 ogres
  3 centaurs (D:5)
  4 bullfrogs
  4 scorpions
  8 wights
  4 howler monkeys
  4 crimson imps
  A bullfrog zombie (D:7)
  A quasit (D:7)
  2 orc wizards (D:4)
  6 hounds
  5 orc priests (D:4)
  3 jellies
  A bullfrog skeleton (D:5)
  Jessica (D:2)
  Ijyb (D:3)
  2 iguanas
  7 worker ants
  2 hound skeletons
  A worker ant zombie (D:5)
  7 adders
  3 gnolls (D:6)
  3 shadow imps
  An ooze (D:1)
  An adder zombie (D:6)
  4 worms
  2 dart slugs
  4 leopard geckos
  23 orcs
  6 bats
  2 giant cockroaches (D:4)
  8 goblins
  6 hobgoblins
  16 jackals
  3 quokkas
  5 frilled lizards
  2 hobgoblin skeletons (Ossuary)
  2 hobgoblin zombies (Ossuary)
  8 kobolds
  2 kobold zombies (Ossuary)
  2 leopard gecko skeletons
  An orc skeleton (Ossuary)
  3 orc zombies (Ossuary)
  14 rats
201 creatures vanquished.

Notes
Turn   | Place    | Note
-------+----------+-------------------------------------------
     0 | D:1      | Goblin1989 the Gnoll Assassin began the quest for the Orb.
     0 | D:1      | Reached XP level 1. HP: 20/20 MP: 1/1
   215 | D:1      | Reached XP level 2. HP: 26/26 MP: 2/2
   724 | D:1      | Reached XP level 3. HP: 28/31 MP: 3/3
   905 | D:1      | Found a bloodstained altar of Trog.
  1475 | D:2      | Found a basalt altar of Yredelemnul.
  1483 | D:2      | Reached skill level 1 in Invocations
  1646 | D:2      | Reached skill level 1 in Long Blades
  1646 | D:2      | Reached skill level 1 in Axes
  1646 | D:2      | Reached skill level 1 in Maces & Flails
  1646 | D:2      | Reached skill level 1 in Polearms
  1646 | D:2      | Reached skill level 1 in Staves
  1646 | D:2      | Reached skill level 1 in Slings
  1646 | D:2      | Reached skill level 1 in Bows
  1646 | D:2      | Reached skill level 1 in Crossbows
  1646 | D:2      | Reached skill level 1 in Armour
  1646 | D:2      | Reached skill level 1 in Shields
  1646 | D:2      | Reached skill level 1 in Unarmed Combat
  1646 | D:2      | Reached skill level 1 in Spellcasting
  1646 | D:2      | Reached skill level 1 in Evocations
  1653 | D:2      | Reached XP level 4. HP: 38/38 MP: 5/5
  1762 | D:2      | Noticed a moth of wrath
  1764 | D:2      | Found a bloodstained altar of Trog.
  2025 | D:2      | Noticed Jessica
  2053 | D:2      | Killed Jessica
  2053 | D:2      | Reached skill level 1 in Conjurations
  2053 | D:2      | Reached skill level 1 in Hexes
  2053 | D:2      | Reached skill level 1 in Charms
  2053 | D:2      | Reached skill level 1 in Summonings
  2053 | D:2      | Reached skill level 1 in Necromancy
  2053 | D:2      | Reached skill level 1 in Translocations
  2053 | D:2      | Reached skill level 1 in Transmutations
  2053 | D:2      | Reached skill level 1 in Fire Magic
  2053 | D:2      | Reached skill level 1 in Ice Magic
  2053 | D:2      | Reached skill level 1 in Air Magic
  2053 | D:2      | Reached skill level 1 in Earth Magic
  2053 | D:2      | Reached skill level 1 in Poison Magic
  2421 | D:3      | Noticed a bullfrog
  2434 | D:3      | Found a sparkling altar of Nemelex Xobeh.
  2434 | D:3      | Found a sacrificial altar of Ru.
  2434 | D:3      | Found a shattered altar of Ashenzari.
  2434 | D:3      | Found a transporter.
  2435 | D:3      | Found an opulent altar of Gozag.
  2435 | D:3      | You fall into a shaft and drop 2 floors!
  2435 | D:5      | Entered Level 5 of the Dungeon
  2436 | D:5      | Noticed a necrophage
  2437 | D:5      | Killed a necrophage
  2437 | D:5      | Reached XP level 5. HP: 43/43 MP: 5/7
  2445 | D:5      | Noticed an ogre
  2453 | D:5      | Reached skill level 8 in Stealth
  2453 | D:5      | Reached XP level 6. HP: 50/50 MP: 6/8
  2467 | D:5      | Reached skill level 5 in Fighting
  2467 | D:5      | Reached skill level 5 in Short Blades
  2467 | D:5      | Reached skill level 5 in Throwing
  2563 | D:4      | Found a sand-covered staircase.
  2570 | Ossuary  | Entered an ossuary
  2670 | Ossuary  | Noticed a wraith
  2670 | Ossuary  | Noticed a flying skull
  2703 | Ossuary  | Noticed a flying skull
  2711 | Ossuary  | Noticed a wraith
  2712 | Ossuary  | Killed a wraith
  2712 | Ossuary  | Reached XP level 7. HP: 56/56 MP: 10/10
  2725 | Ossuary  | Noticed a flying skull
  2741 | Ossuary  | Noticed a flying skull
  2742 | Ossuary  | Noticed a wraith
  2744 | Ossuary  | Killed a wraith
  2916 | D:3      | Found a shimmering altar of Xom.
  2916 | D:3      | Found a shadowy altar of Dithmenos.
  2953 | D:3      | Became a worshipper of Dithmenos the Shadowed
  2981 | D:3      | Found a snail-covered altar of Cheibriados.
  3147 | D:3      | Found a transporter.
  3224 | D:3      | Noticed Ijyb
  3232 | D:3      | Killed Ijyb
  3232 | D:3      | Reached XP level 8. HP: 63/63 MP: 12/12
  3989 | D:4      | Found a burning altar of Makhleb.
  3989 | D:4      | Noticed a blizzard demon
  4111 | D:4      | Found Cecapas's Antique Weapon Shop.
  4274 | D:4      | Found a glowing golden altar of the Shining One.
  4274 | D:4      | Found a blossoming altar of Fedhas.
  5570 | D:5      | Reached * piety under Dithmenos
  5977 | D:4      | Bought a smoking whip for 195 gold pieces
  5977 | D:4      | Identified the +7 whip "Pity" {slash, MR+} (You bought it
                  | in a shop on level 4 of the Dungeon)
  6249 | D:5      | Reached XP level 9. HP: 43/69 MP: 14/14
  6946 | D:6      | Reached skill level 5 in Dodging
  7199 | D:6      | Reached skill level 9 in Stealth
  7620 | D:6      | Reached ** piety under Dithmenos
  7836 | D:6      | Found a staircase to the Ecumenical Temple.
  8305 | D:7      | Reached skill level 5 in Invocations
  8387 | D:7      | Reached XP level 10. HP: 61/77 MP: 15/17
  8466 | D:7      | Found a white marble altar of Elyvilon.
  8556 | D:7      | Found a stormy altar of Qazlal.
  8750 | D:7      | HP: 1/77 [wight/cursed +2 spear (9)]
  8750 | D:7      | Slain by a wight

Levels and vault maps discovered:
D:1:      dpeg_arrival_rooms_c, layout_basic, minmay_hexomino_r4
D:2:      layout_rooms, tgw_trog, yredelemnul_altar_generic, uniq_jessica
D:3:      layout_rooms, grunt_temple_overflow_open,
          gammafunk_temple_overflow_arena, uniq_ijyb
D:4:      cheibrodos_pilgrimage, layout_basic, makhleb_altar_promises_db,
          chequers_temple_overflow_statue_of_worship, enter_ossuary_5,
          serial_shops, shop
D:5:      layout_basic, first_ration, serial_bayou_ford_a, grunt_ministairs_2
D:6:      layout_loops_ring, minmay_temple_entry_fiery,
          kennysheep_generic_room_10
D:7:      layout_gridville, grunt_qazlal_clouds, nicolae_overflow_crystal_walls

Skill      XL: |  1  2  3  4  5  6  7  8  9 10 |
---------------+-------------------------------+-----
Invocations    | 1 2 3 4 5 |  5.4
Long Blades    | 1 2 3 4 |  4.9
Axes           | 1 2 3 4 |  4.9
Maces & Flails | 1 2 3 4 |  4.9
Polearms       | 1 2 3 4 |  4.9
Staves         | 1 2 3 4 |  4.9
Slings         | 1 2 3 4 |  4.9
Bows           | 1 2 3 4 |  4.9
Crossbows      | 1 2 3 4 |  4.9
Armour         | 1 2 3 4 |  4.9
Shields        | 1 2 3 4 |  4.9
Unarmed Combat | 1 2 3 4 |  4.9
Spellcasting   | 1 2 3 4 |  4.9
Evocations     | 1 2 3 4 |  4.9
Conjurations   | 1 2 3 4 |  4.0
Hexes          | 1 2 3 4 |  4.0
Charms         | 1 2 3 4 |  4.0
Summonings     | 1 2 3 4 |  4.0
Necromancy     | 1 2 3 4 |  4.0
Translocations | 1 2 3 4 |  4.0
Transmutations | 1 2 3 4 |  4.0
Fire Magic     | 1 2 3 4 |  4.0
Ice Magic      | 1 2 3 4 |  4.0
Air Magic      | 1 2 3 4 |  4.0
Earth Magic    | 1 2 3 4 |  4.0
Poison Magic   | 1 2 3 4 |  4.0
Dodging        | 3 4 5 |  5.6
Stealth        | 8 9 |  9.3
Fighting       | 5 6 |  6.8
Short Blades   | 5 6 |  6.8
Throwing       | 5 6 |  6.8

Action                   |  1- 3 |  4- 6 |  7- 9 | 10-12 || total
-------------------------+-------+-------+-------+-------++-------
Melee: Dagger            |   106 |    92 |   234 |       ||   432
       Bite              |    12 |    16 |    65 |     9 ||   102
       Punch             |       |     2 |    14 |     4 ||    20
       Whip              |       |       |   209 |    47 ||   256
Throw: Dart              |     2 |     8 |    16 |       ||    26
  Use: Scroll            |       |     6 |       |       ||     6
       Potion            |       |       |     3 |       ||     3
 Stab: Sleeping          |     9 |    11 |    29 |     1 ||    50
       Distracted        |       |       |     1 |     1 ||     2
  Eat: Chunk             |     2 |     4 |    35 |     1 ||    42
Armor: Robe              |    20 |    23 |    65 |    10 ||   118
Dodge: Dodged            |    58 |    57 |   286 |    61 ||   462

Table legend:
 A = Non-vault XP
 B = Vault XP
 C = Vault XP percentage of total XP
 D = Non-vault monster count
 E = Vault monster count
 F = Vault count percentage of total count
                 A         B        C        D         E       F
            +---------+---------+-------+---------+---------+-------
      Total |    4387 |     906 |  17.1 |     168 |      33 |  16.4
            +---------+---------+-------+---------+---------+-------
        D:1 |      41 |      10 |  19.6 |      21 |       4 |  16.0
        D:2 |      56 |      46 |  45.1 |      15 |       6 |  28.6
        D:3 |     155 |      36 |  18.8 |      26 |       1 |   3.7
        D:4 |     631 |      95 |  13.1 |      24 |       6 |  20.0
        D:5 |     735 |     185 |  20.1 |      20 |       2 |   9.1
        D:6 |    1467 |       0 |   0.0 |      42 |       0 |   0.0
        D:7 |    1302 |       0 |   0.0 |      20 |       0 |   0.0
    Ossuary |       0 |     534 | 100.0 |       0 |      14 | 100.0
            +---------+---------+-------+---------+---------+-------

Levels and vault maps discovered:
D:1:      dpeg_arrival_rooms_c, layout_basic, minmay_hexomino_r4
D:2:      layout_rooms, tgw_trog, yredelemnul_altar_generic, uniq_jessica
D:3:      layout_rooms, grunt_temple_overflow_open,
          gammafunk_temple_overflow_arena, uniq_ijyb
D:4:      cheibrodos_pilgrimage, layout_basic, makhleb_altar_promises_db,
          chequers_temple_overflow_statue_of_worship, enter_ossuary_5,
          serial_shops, shop
D:5:      layout_basic, first_ration, serial_bayou_ford_a, grunt_ministairs_2
D:6:      layout_loops_ring, minmay_temple_entry_fiery,
          kennysheep_generic_room_10
D:7:      layout_gridville, grunt_qazlal_clouds, nicolae_overflow_crystal_walls
